AoeStats
← Toxic

MegaRandom

510166471Analyzed
4v4 RM · 3d ago on Sep 29, 2026· 24m 20s· 8 players
Game mode
Random Map
Map size
Large (8 player)
Population
200
Speed
Normal
Resources
Standard
Victory
Conquest
Starting age
Dark Age
Ending age
Imperial Age
RankedLock teamsTeams togetherTeam positionsShared explorationLock speedFull tech treeHidden civsTurbo modeCheats
Victory
Defeat
🇳🇱 Danes · Netherlands
933
+11
🇳🇱 Armenians · Netherlands
920
+12
🇩🇪 Aztecs · Germany
797
+17
🇧🇷 Byzantines · Brazil
674
+21
🇦🇷 Goths · Argentina
848
-17
🇵🇷 Persians · Puerto Rico
837
-16
🇩🇪 Mongols · Germany
792
-14
🇧🇷 Jurchens · Brazil
792
-14
yamir0000
3:28 Loom
13:06 Feudal Age
14:01 Double-Bit Axe
16:04 Wheelbarrow
16:36 Wheelbarrow
18:52 Castle Age
17:18 Scale Mail Armor
17:26 Scale Barding Armor
17:10 Horse Collar
17:28 Gold Mining
20:08 Forging
20:10 Bloodlines
19:54 Stone Mining
20:57 Chain Barding Armor
21:27 Bow Saw
Gods ;*
13:45 Feudal Age
15:00 Double-Bit Axe
15:21 Gold Mining
17:01 Horse Collar
vince
1:54 Loom
14:13 Feudal Age
19:07 Fletching
21:32 Castle Age
Toxic
12:28 Feudal Age
19:02 Castle Age
17:17 Man-at-Arms
19:30 Long Swordsman
24:08 Scale Mail Armor
24:21 Forging
David Ygra
4:04 Loom
12:13 Feudal Age
13:08 Double-Bit Axe
12:59 Man-at-Arms
13:26 Arson
16:33 Forging
16:14 Fletching
18:25 Gold Mining
18:19 Horse Collar
20:39 Wheelbarrow
19:49 Town Watch
21:01 Padded Archer Armor
21:03 Scale Mail Armor
25:21 Castle Age
Bzurker
5:43 Loom
12:46 Feudal Age
18:51 Castle Age
17:35 Double-Bit Axe
19:05 Scale Mail Armor
19:16 Forging
23:56 Chain Mail Armor
Pepernoot
1:30 Loom
11:08 Feudal Age
12:08 Man-at-Arms
14:04 Long Swordsman
18:45 Castle Age
18:04 Scale Mail Armor
19:20 Two-Handed Swordsman
20:18 Gambesons
20:44 Double-Bit Axe
21:44 Forging
23:36 Chain Mail Armor
Lautenaius Maximus
11:45 Feudal Age
16:03 Gold Mining
16:10 Fletching
24:00 Castle Age
24:24 Wheelbarrow
24:24 Double-Bit Axe
Connection lost

Rejoining the realm…

Still unreachable

The connection could not be restored.

Session expired

The server has moved on; the page needs a fresh start.